 Dungeon Sprint DCSS version 0.29.1-13-g9f3cf754e1 (webtiles) character file.

Game seed: 13362284628557872972

18790 sanboga the Axe Maniac (level 19, -2/186 HPs)
             Began as a Minotaur Berserker on Jan 26, 2023.
             Was the Champion of Trog.
             Slain by a Killer Klown
             ... wielding a +11 club
              (33 damage)
             ... in the Dungeon (Sprint VI: "Thunderdome").
             The game lasted 00:28:55 (4539 turns).

sanboga the Axe Maniac (Minotaur Berserker)         Turns: 4539, Time: 00:28:55

Health: -2/186     AC:  0    Str: 25 (26) XL:     19   Next: 94%
Magic:  18/18      EV: 30    Int:  2      God:    Trog [******]
Gold:   1403       SH:  5    Dex: 14      Spells: 18/18 levels left

rFire   . . .      SeeInvis .   (weapon currently unavailable)
rCold   . . .      Faith    .   (shield currently unavailable)
rNeg    . . .      Spirit   .   (body armour currently unavailable)
rPois   .          Reflect  +   (helmet currently unavailable)
rElec   .          Harm     .   (cloak currently unavailable)
rCorr   +          Rampage  .   (gloves currently unavailable)
Will    +....      NoTele   +   (boots currently unavailable)
Stlth   ++++++++..              k - amulet of Tension {Reflect rCorr Slay+3 SH+5}
HPRegen 0.00/turn               (ring currently unavailable)
MPRegen 0.16/turn               (ring currently unavailable)

@: pig-form, on berserk cooldown, inhibited regen, slowed, lost intelligence,
unable to read
A: fast, no casting, small, (horns 2), (retaliatory headbutt), deterioration 1,
dopey 1, frail 1, inhibited regeneration, subdued magic 1, inability to read
after injury 2, devolution 1
}: 5/15 runes: serpentine, barnacled, slimy, elven, silver
a: Renounce Religion, Berserk, Trog's Hand, Brothers in Arms


You were in the Dungeon.
You worshipped Trog.
Trog was exalted by your worship.
You were a filthy swine.
You visited 1 branch You collected 12410 gold pieces.
You spent 11007 gold pieces at shops.

Inventory:

Hand Weapons
 b - a +7 antimagic executioner's axe
 r - a +9 executioner's axe of flaming (melded)
 x - the +8 frozen axe "Frostbite" {freezing cloud, *Noise Fly rC+}
   (Trog gifted it to you in the Dungeon)

   It freezes those it strikes, dealing additional cold damage.
   It can also slow down cold-blooded creatures.
   It occasionally leaves clouds of freezing vapour upon striking a foe.
   It grants immunity to clouds of freezing vapour.
   rC:        It protects you from cold.
   Fly:       It grants you flight.
   *Noise:    It may make noises in combat.
Armour
 a - the +2 hat of Impatience (melded) {Harm rC+ rN+ Will-}
   (You bought it in a shop in the Dungeon)

   rC:        It protects you from cold.
   rN:        It protects you from negative energy.
   Harm:      It increases damage dealt and taken.
   Will:      It decreases your willpower.
 c - the +5 pair of boots of the Morning (melded) {Harm rElec Int-5}
   (You bought it in a shop in the Dungeon)

   Int:       It affects your intelligence (-5).
   rElec:     It insulates you from electricity.
   Harm:      It increases damage dealt and taken.
 q - the +5 pair of gloves of Paecueth (melded) {SInv}
   (You bought it in a shop in the Dungeon)

   SInv:      It lets you see invisible.
 u - +8 gold dragon scales (melded)
 w - the +0 cloak of the Lair of Beasts (melded) {rN+ Str+2 SInv}
   (You bought it in a shop in the Dungeon)

   Str:       It affects your strength (+2).
   rN:        It protects you from negative energy.
   SInv:      It lets you see invisible.
Jewellery
 k - the amulet of Tension (around neck) {Reflect rCorr Slay+3 SH+5}
   (You bought it in a shop in the Dungeon)

   [amulet of reflection]

   It reflects blocked missile attacks.
   Slay:      It affects your accuracy & damage with ranged weapons and melee
   (+3).
   rCorr:     It protects you from acid and corrosion.
   SH:        It affects your SH (+5).
 m - the ring "Ocugo" (melded) {Ice Will+ Slay+3}
   (You bought it in a shop in the Dungeon)

   [ring of ice]

   It enhances your ice magic.
   Slay:      It affects your accuracy & damage with ranged weapons and melee
   (+3).
   rF:        It makes you vulnerable to fire.
   rC:        It protects you from cold.
   Will:      It increases your willpower.
 n - the ring of the Tick (melded) {rF+++ Str+5 Int+3 SInv}
   (You bought it in a shop in the Dungeon)

   [ring of see invisible]

   Str:       It affects your strength (+5).
   Int:       It affects your intelligence (+3).
   rF:        It renders you almost immune to fire.
   SInv:      It lets you see invisible.
Wands
 o - a wand of digging (2)
 v - a wand of polymorph (5)
Scrolls
 h - 4 scrolls of blinking
 l - 3 scrolls of fog
Potions
 d - 18 potions of heal wounds
 e - 8 potions of haste
 f - 3 potions of magic
 g - a potion of berserk rage
 i - a potion of resistance
 j - a potion of attraction {unknown}
Miscellaneous
 p - a quad damage
 y - a quad damage


   Skills:
 O Level 27 Fighting
 O Level 27 Axes
 O Level 27 Armour
 O Level 27 Dodging
 + Level 22.0 Stealth


You had 18 spell levels left.
You didn't know any spells.
Your spell library was empty.

Dungeon Overview and Level Annotations

Branches:
Dungeon (1/1)

Altars:
Cheibriados
Dithmenos
Fedhas
Gozag
Kikubaaqudgha
Makhleb
Okawaru
Qazlal
Ru
Sif Muna
Trog
Uskayaw
Vehumet
Wu Jian
Xom
Yredelemnul
Zin
The Shining One
Lugonu

Shops:
D [??*?*:[((!!!!


Innate Abilities, Weirdness & Mutations

You are a filthy swine.
You move quickly.
Your equipment is almost entirely melded.
You are incapable of wielding weapons or throwing items.
You cannot cast spells.
((You have a pair of horns on your head.))
((You reflexively headbutt those who attack you in melee.))
Your body sometimes deteriorates upon taking damage.
You are dopey. (Int -2)
You are frail. (-10% HP)
You do not regenerate when monsters are visible.
Your spells are a little easier to cast, but a little less powerful.
You sometimes lose the ability to read scrolls when taking damage.
You have hidden genetic defects.


Message History

Your body deteriorates!
You feel weakened.
The moth of wrath's fur bristles in rage as it notices you.
You bite the Killer Klown!
The Killer Klown is lightly wounded.
The electric golem blinks!
The Killer Klown eye-gouges you with a +11 club!
* * * LOW HITPOINT WARNING * * *
The electric golem hurls lightning at you.
The bolt of lightning misses you.
You bite the Killer Klown!
The Killer Klown is lightly wounded.
The Killer Klown completely misses you.
You cannot read scrolls in your current state!
You feel much better.
The electric golem blinks!
The Killer Klown elbows you with a +11 club!!
* * * LOW HITPOINT WARNING * * *
The electric golem blinks!
The Killer Klown pies you viciously!
The klown pie reflects off an invisible shield around you!
The klown pie hits the Killer Klown!!
Blueberry!
The Killer Klown loses the ability to speak.
You feel much better.
The Killer Klown is no longer mute.
The electric golem blinks!
The Killer Klown hits you with a +11 club!!
* * * LOW HITPOINT WARNING * * *
The electric golem blinks!
The Killer Klown closely misses you.
You feel much better.
The Killer Klown eye-gouges you with a +11 club!!
* * * LOW HITPOINT WARNING * * *
The moth of wrath completely misses you.
The Killer Klown defenestrates you with a +11 club!
* * * LOW HITPOINT WARNING * * *
The moth of wrath barely misses you.
An Orb Guardian and an electric golem come into view.
You feel much better. The Killer Klown pies you viciously!
The klown pie misses you.
The electric golem blinks!
The moth of wrath misses you.
The Killer Klown karate-kicks you with a +11 club!!
You die...

#⌠.)........###...###[)........
##........[).))###)..[..)).)...
###∩....)[))8.# #)8[).)†)..∩##
##∩.._.))[[)###.)[9..___∩##
######)8)[.[.)).)8)######
#§X.[).|.[).)§# ###..=..[..)###
#_.[y...)_# #_.hp§[)._#
#_....)...# #∩..))...∩#
##9).)..∩## ##[))..## ##§⌠⌠##
#####


You could see a Killer Klown, 2 electric golems, an Orb Guardian and a moth of
wrath.

Vanquished Creatures
  An orb of fire (D)
  An ancient lich (D)
  Fannar (D)
  6 Orb Guardians (D)
  Ilsuiw (D)
  2 deep elf master archers (D)
  2 deep elf blademasters (D)
  4 acid blobs (D)
  4 sphinxes (D)
  7 azure jellies (D)
  2 deep elf sorcerers (D)
  A draconian scorcher (D)
  3 ghost moths (D)
  A quicksilver ooze (D)
  3 apis (D)
  An anaconda (D)
  4 deep elf annihilators (D)
  5 vampire knights (D)
  2 deep elf death magi (D)
  4 mummy priests (D)
  10 ettins (D)
  5 great orbs of eyes (D)
  2 vault guards (D)
  2 catoblepae (D)
  21 dancing weapons (D)
  4 death yaks (D)
  2 hell hogs (D)
  3 vampire magi (D)
  2 sun demons (D)
  5 deep elf knights (D)
  A sixfirhy (D)
  2 pharaoh ants (D)
  A steelbarb worm (D)
  20 orb spiders (D)
  A sea snake (D)
  A wizard (D)
  2 deep elf zephyrmancers (D)
  A faun (D)
  3 deep elf pyromancers (D)
  6 wolf spiders (D)
  A shining eye (D)
  A rust devil (D)
  5 moths of wrath (D)
  An orange demon (D)
  A torpor snail (D)
  An ice devil (D)
  3 kobold demonologists (D)
  An efreet (D)
  5 guardian mummies (D)
  2 hellwings (D)
  2 red devils (D)
  A slime creature (D)
  A meliai (D)
  A tarantella (D)
  A snapping turtle (D)
  3 dream sheep (D)
  Sigmund (D)
  2 jumping spiders (D)
  6 vampires (D)
  2 ynoxinuls (D)
  2 water elementals (D)
  4 fire elementals (D)
  A golden eye (D)
  A yak (D)
  7 fire bats (D)
  2 chaos spawn (D)
  A naga (shapeshifter) (D)
  2 hell hounds (D)
  7 dwarves (D)
  2 wolves (D)
  3 necrophages (D)
  2 gnoll sergeants (D)
  A hound (D)
  A gnoll bouda (D)
  Terence (D)
  18 mummies (D)
  An orc (D)
  A hobgoblin (D)
  2 kobolds (D)
  A jackal zombie (D)
  A quokka skeleton (D)
251 creatures vanquished.

Notes
Turn   | Place    | Note
-------+----------+-------------------------------------------
     0 | D        | sanboga the Minotaur Berserker began the quest for the Orb.
     0 | D        | Reached XP level 1. HP: 19/19 MP: 0/0
     1 | D        | Found a snail-covered altar of Cheibriados.
     1 | D        | Found a glowing silver altar of Zin.
     2 | D        | Found a blossoming altar of Fedhas.
     2 | D        | Found a sacrificial altar of Ru.
     3 | D        | Found a glowing golden altar of the Shining One.
     4 | D        | Found a burning altar of Makhleb.
     4 | D        | Found a radiant altar of Vehumet.
     4 | D        | Found Sasoeh's Staff Store.
     4 | D        | Found Habluiho's Magic Scroll Shop.
     5 | D        | Found a shimmering altar of Xom.
     5 | D        | Found Qiah's Must-Have Magic.
     5 | D        | Found Ecleci's Magic Scroll Shop.
     5 | D        | Round 1.
    29 | D        | Found a bloodstained altar of Trog.
    33 | D        | Found a basalt altar of Yredelemnul.
    33 | D        | Found Camicuwk's Jewellery.
    34 | D        | Found Parghim's Advanced Armour.
    35 | D        | Found a shimmering blue altar of Sif Muna.
    35 | D        | Found Xeamob's Identification Station.
    52 | D        | Found a shadowy altar of Dithmenos.
    54 | D        | Found a stormy altar of Qazlal.
    54 | D        | Found an ancient bone altar of Kikubaaqudgha.
    54 | D        | Found Kogoysuma's Premium Goods.
    54 | D        | Found Xibaupt's Miscellaneous Merchandise.
    55 | D        | Found Ezathrie's Basic Armour.
    61 | D        | Found Peluef's Weapon Rack.
    61 | D        | Found a corrupted altar of Lugonu.
    61 | D        | Found an opulent altar of Gozag.
    74 | D        | Found an iron altar of Okawaru.
    76 | D        | Found an ornate altar of the Wu Jian Council.
    76 | D        | Found a hide-covered altar of Uskayaw.
    76 | D        | Found Geohises's Do-It-Yourself Clinic.
    76 | D        | Found Aberant's Bottled Wisdom.
    77 | D        | Found Siabbur's Distillery.
    83 | D        | Found Sokhy's Distillery.
   125 | D        | Bought a sparkling silver ring for 45 gold pieces
   125 | D        | Identified the ring "Ocugo" {Ice Will+ Slay+3} (You bought
                  | it in a shop in the Dungeon)
   126 | D        | Bought a shimmering granite ring for 45 gold pieces
   126 | D        | Identified the ring of the Tick {rF+++ Str+5 Int+3 SInv}
                  | (You bought it in a shop in the Dungeon)
   130 | D        | Noticed Sigmund
   131 | D        | Noticed Terence
   140 | D        | Killed Sigmund
   140 | D        | Reached ** piety under Trog
   141 | D        | Reached XP level 2. HP: 34/34 MP: 1/1
   141 | D        | Reached XP level 3. HP: 39/39 MP: 2/2
   141 | D        | Reached XP level 4. HP: 47/47 MP: 3/3
   141 | D        | Reached XP level 5. HP: 52/52 MP: 4/4
   147 | D        | Killed Terence
   167 | D        | Reached *** piety under Trog
   167 | D        | Arena points: 14 (+14) [x2]
   216 | D        | Round 2.
   268 | D        | Reached XP level 6. HP: 59/62 MP: 5/5
   320 | D        | Reached **** piety under Trog
   334 | D        | Arena points: 50 (+36) [x3]
   371 | D        | Round 3.
   392 | D        | Reached XP level 7. HP: 40/71 MP: 6/6
   401 | D        | Reached ***** piety under Trog
   420 | D        | Reached skill level 10 in Fighting
   420 | D        | Reached skill level 10 in Axes
   423 | D        | Received a gift from Trog
   423 | D        | Arena points: 134 (+84) [x4]
   424 | D        | Reached skill level 10 in Armour
   449 | D        | Round 4.
   460 | D        | Noticed a fire bat
   479 | D        | Noticed a fire bat
   483 | D        | Killed a fire bat
   490 | D        | Noticed a fire bat
   493 | D        | Killed a fire bat
   508 | D        | Noticed a fire bat
   509 | D        | Killed a fire bat
   510 | D        | Reached skill level 10 in Dodging
   510 | D        | Reached XP level 8. HP: 59/82 MP: 7/7
   607 | D        | Arena points: 274 (+140) [x5]
   623 | D        | Bought a quad damage for 400 gold pieces
   628 | D        | Round 5.
   638 | D        | Noticed a giant anaconda
   643 | D        | Killed a giant anaconda
   643 | D        | Arena points: 519 (+245) [x7]
   644 | D        | Reached XP level 9. HP: 87/92 MP: 8/8
   646 | D        | Got a serpentine rune of Zot
   647 | D        | Reached skill level 15 in Axes
   647 | D        | Reached XP level 10. HP: 96/100 MP: 9/9
   718 | D        | Bought an encrusted hat for 315 gold pieces
   718 | D        | Identified the +2 hat of Impatience {Harm rC+ rN+ Will-}
                  | (You bought it in a shop in the Dungeon)
   835 | D        | Round 6.
   860 | D        | Noticed a sun demon
   873 | D        | Killed a sun demon
   884 | D        | Noticed an orange demon
   890 | D        | Killed an orange demon
   890 | D        | Received a gift from Trog
   953 | D        | Arena points: 951 (+432) [x8]
   972 | D        | Round 7.
   976 | D        | Noticed a mummy priest
   984 | D        | Killed a mummy priest
   984 | D        | Reached ****** piety under Trog
   988 | D        | Bought a pair of dazzling boots for 332 gold pieces
   988 | D        | Identified the +2 pair of boots "Oredghimm" {Harm rN+
                  | Int+4} (You bought it in a shop in the Dungeon)
  1037 | D        | Identified the +7 war axe of Pyusaemu {vorpal, rN+} (Trog
                  | gifted it to you in the Dungeon)
  1037 | D        | Received a gift from Trog
  1130 | D        | Arena points: 1518 (+567) [x9]
  1142 | D        | Bought a pair of glimmering gloves for 332 gold pieces
  1142 | D        | Identified the +1 pair of gloves of Noughts and Crosses
                  | {+Inv Regen+ Str+2} (You bought it in a shop in the
                  | Dungeon)
  1158 | D        | Round 8.
  1193 | D        | Reached skill level 15 in Fighting
  1193 | D        | Reached XP level 11. HP: 112/112 MP: 10/10
  1193 | D        | Received a gift from Trog
  1231 | D        | Noticed a mummy priest
  1236 | D        | Noticed a mummy priest
  1237 | D        | Killed a mummy priest
  1238 | D        | Reached skill level 15 in Armour
  1241 | D        | Noticed a flayed ghost
  1244 | D        | Killed a mummy priest
  1258 | D        | Arena points: 2238 (+720) [x10]
  1299 | D        | Round 9.
  1321 | D        | Identified the +3 short sword of Psychosis {vorpal, rC+}
                  | (Trog gifted it to you in the Dungeon)
  1321 | D        | Received a gift from Trog
  1449 | D        | Arena points: 2310 (+72) [x1]
  1464 | D        | Round 10.
  1495 | D        | Noticed a sea snake
  1506 | D        | Killed a sea snake
  1514 | D        | Noticed Ilsuiw
  1526 | D        | Killed Ilsuiw
  1526 | D        | Received a gift from Trog
  1526 | D        | Arena points: 2580 (+270) [x3]
  1530 | D        | Got a barnacled rune of Zot
  1531 | D        | Reached XP level 12. HP: 117/124 MP: 11/11
  1699 | D        | Round 11.
  1815 | D        | Received a gift from Trog
  1821 | D        | Arena points: 3020 (+440) [x4]
  1877 | D        | Round 12.
  1903 | D        | Bought +0 gold dragon scales for 960 gold pieces
  1929 | D        | Noticed a hell hog
  1935 | D        | Killed a hell hog
  1976 | D        | Received a gift from Trog
  1985 | D        | Noticed a hell hog
  1989 | D        | Killed a hell hog
  1995 | D        | Arena points: 3680 (+660) [x5]
  2008 | D        | Bought 3 potions of experience for 900 gold pieces
  2010 | D        | Reached XP level 13. HP: 135/135 MP: 12/12
  2011 | D        | Reached XP level 14. HP: 144/144 MP: 13/13
  2012 | D        | Reached XP level 15. HP: 150/150 MP: 14/14
  2060 | D        | Round 13.
  2096 | D        | Received a gift from Trog
  2110 | D        | Reached XP level 16. HP: 160/160 MP: 15/15
  2123 | D        | Received a gift from Trog
  2188 | D        | Arena points: 3823 (+143) [x1]
  2203 | D        | Round 14.
  2238 | D        | Received a gift from Trog
  2325 | D        | Received a gift from Trog
  2338 | D        | Arena points: 4187 (+364) [x2]
  2383 | D        | Round 15.
  2383 | D        | Noticed Fannar
  2394 | D        | Killed Fannar
  2394 | D        | Arena points: 4847 (+660) [x4]
  2395 | D        | Got an elven rune of Zot
  2396 | D        | Reached XP level 17. HP: 114/172 MP: 16/16
  2472 | D        | Bought the amulet of Tension {Reflect rCorr Slay+3 SH+5}
                  | for 828 gold pieces
  2477 | D        | Bought a scroll of enchant weapon for 112 gold pieces
  2560 | D        | Round 16.
  2575 | D        | Reached skill level 27 in Axes
  2580 | D        | Received a gift from Trog
  2635 | D        | Received a gift from Trog
  2640 | D        | Arena points: 5967 (+1120) [x5]
  2655 | D        | Bought 8 scrolls of enchant weapon for 600 gold pieces
  2695 | D        | Round 17.
  2738 | D        | Received a gift from Trog
  2796 | D        | Received a gift from Trog
  2814 | D        | Arena points: 7191 (+1224) [x6]
  2822 | D        | Bought a quad damage for 400 gold pieces
  2822 | D        | Bought 5 potions of heal wounds for 500 gold pieces
  2872 | D        | Round 18.
  2881 | D        | Received a gift from Trog
  2901 | D        | Received a gift from Trog
  2920 | D        | Received a gift from Trog
  2938 | D        | Arena points: 9081 (+1890) [x7]
  2953 | D        | Round 19.
  2960 | D        | Bought a shimmering cloak for 332 gold pieces
  2960 | D        | Identified the +1 cloak of the Cockatrice {rC+} (You bought
                  | it in a shop in the Dungeon)
  2967 | D        | Bought a distressingly furry cloak for 332 gold pieces
  2967 | D        | Identified the +0 cloak of the Lair of Beasts {rN+ Str+2
                  | SInv} (You bought it in a shop in the Dungeon)
  2978 | D        | Paralysed by a sphinx for 3 turns
  2982 | D        | Received a gift from Trog
  3026 | D        | Received a gift from Trog
  3042 | D        | Paralysed by a sphinx for 5 turns
  3073 | D        | Received a gift from Trog
  3077 | D        | Paralysed by a sphinx for 4 turns
  3081 | D        | Arena points: 11513 (+2432) [x8]
  3102 | D        | Round 20.
  3115 | D        | Bought a scorched bone ring for 45 gold pieces
  3115 | D        | Identified the ring "Nosey" {rElec rC+ rN+ SInv} (You
                  | bought it in a shop in the Dungeon)
  3147 | D        | Noticed an acid blob
  3151 | D        | Gained mutation: You occasionally lose the ability to read
                  | scrolls when taking damage. [a shining eye]
  3153 | D        | Received a gift from Trog
  3153 | D        | Found the +8 frozen axe "Frostbite" {freezing cloud, *Noise
                  | Fly rC+}
  3157 | D        | Killed an acid blob
  3175 | D        | Reached skill level 27 in Fighting
  3175 | D        | Reached skill level 27 in Armour
  3177 | D        | Noticed a sulfuric acid blob
  3189 | D        | Arena points: 11693 (+180) [x1]
  3192 | D        | Got a slimy rune of Zot
  3357 | D        | Round 21.
  3358 | D        | Noticed an acid blob
  3364 | D        | Killed an acid blob
  3369 | D        | Noticed an acid blob
  3373 | D        | Killed an acid blob
  3388 | D        | Reached skill level 15 in Dodging
  3459 | D        | Noticed an acid blob
  3464 | D        | Killed an acid blob
  3471 | D        | Received a gift from Trog
  3511 | D        | Arena points: 12239 (+546) [x2]
  3531 | D        | Bought 5 potions of heal wounds for 500 gold pieces
  3531 | D        | Bought a quad damage for 400 gold pieces
  3535 | D        | Bought 5 potions of haste for 1000 gold pieces
  3550 | D        | Round 22.
  3602 | D        | Received a gift from Trog
  3603 | D        | Noticed a deep elf blademaster
  3609 | D        | Reached XP level 18. HP: 147/200 MP: 17/17
  3636 | D        | Received a gift from Trog
  3665 | D        | Received a gift from Trog
  3694 | D        | Received a gift from Trog
  3718 | D        | Received a gift from Trog
  3727 | D        | Arena points: 12679 (+440) [x1]
  3742 | D        | Round 23.
  3770 | D        | Received a gift from Trog
  3833 | D        | Received a gift from Trog
  3864 | D        | Arena points: 13507 (+828) [x2]
  3895 | D        | Bought 4 scrolls of enchant armour for 300 gold pieces
  3895 | D        | Bought 4 scrolls of enchant armour for 300 gold pieces
  3930 | D        | Round 24.
  3975 | D        | Received a gift from Trog
  3997 | D        | Reached skill level 27 in Dodging
  3997 | D        | Reached skill level 1 in Stealth
  4008 | D        | Received a gift from Trog
  4009 | D        | Reached skill level 5 in Stealth
  4075 | D        | Received a gift from Trog
  4090 | D        | Arena points: 14731 (+1224) [x3]
  4145 | D        | Round 25.
  4175 | D        | Reached skill level 10 in Stealth
  4180 | D        | Identified the ring of a Thousand Continents {Fire Dex+5}
                  | (You found it in the Dungeon)
  4180 | D        | Arena points: 16606 (+1875) [x5]
  4181 | D        | Got a silver rune of Zot
  4182 | D        | Reached XP level 19. HP: 203/207 MP: 18/18
  4214 | D        | Bought a coiled steel ring for 45 gold pieces
  4214 | D        | Identified the ring "Siaxtob" {Fly Will+ EV+4 Dex+2} (You
                  | bought it in a shop in the Dungeon)
  4214 | D        | Bought a pitted golden ring for 45 gold pieces
  4214 | D        | Identified the ring of the Manifold Hosts {rN+ Will+ Int+2}
                  | (You bought it in a shop in the Dungeon)
  4214 | D        | Bought a bound granite ring for 45 gold pieces
  4214 | D        | Identified the ring "Remp" {rC+ rCorr Int+2 Dex+2 SInv}
                  | (You bought it in a shop in the Dungeon)
  4214 | D        | Bought a shimmering steel ring for 45 gold pieces
  4214 | D        | Identified the ring of the Twenty Stories {Fly MP+9} (You
                  | bought it in a shop in the Dungeon)
  4214 | D        | Bought a scintillating marble ring for 45 gold pieces
  4214 | D        | Identified the ring "Garog" {rC+ Str+4 Int+2 SInv} (You
                  | bought it in a shop in the Dungeon)
  4214 | D        | Bought a shimmering ivory ring for 45 gold pieces
  4214 | D        | Identified the ring of the Bouncing Portals {rN+ rCorr SInv
                  | Stlth-} (You bought it in a shop in the Dungeon)
  4214 | D        | Bought a fine bone ring for 45 gold pieces
  4214 | D        | Identified the ring of Nakaut {rElec Dex+6} (You bought it
                  | in a shop in the Dungeon)
  4221 | D        | Bought a vibrating bronze ring for 45 gold pieces
  4221 | D        | Identified the ring of Jesopseoq {rF- Str+6 Int+7} (You
                  | bought it in a shop in the Dungeon)
  4221 | D        | Bought a steaming lapis lazuli ring for 45 gold pieces
  4221 | D        | Identified the ring of Xom's Best Wishes {Contam rPois rF++
                  | Dex+4 SInv} (You bought it in a shop in the Dungeon)
  4221 | D        | Bought a slimy lead ring for 45 gold pieces
  4221 | D        | Identified the ring of Recklessness {rC- Str+4 Slay+4} (You
                  | bought it in a shop in the Dungeon)
  4221 | D        | Bought a twitching steel ring for 45 gold pieces
  4221 | D        | Identified the ring "Dohycs" {rPois Int+6} (You bought it
                  | in a shop in the Dungeon)
  4221 | D        | Bought a translucent tin ring for 45 gold pieces
  4221 | D        | Identified the ring "Kalesesm" {rF+ Int+4 SInv} (You bought
                  | it in a shop in the Dungeon)
  4226 | D        | Bought a vibrating jade ring for 45 gold pieces
  4226 | D        | Identified the ring "Lynuxyth" {rElec MP+9 Str+4 Int+5
                  | Slay-4} (You bought it in a shop in the Dungeon)
  4226 | D        | Bought a warped lapis lazuli ring for 45 gold pieces
  4226 | D        | Identified the ring of the Country {Ice Contam rCorr Int+4}
                  | (You bought it in a shop in the Dungeon)
  4234 | D        | Bought a pair of shimmering boots for 332 gold pieces
  4234 | D        | Identified the +5 pair of boots of the Morning {Harm rElec
                  | Int-5} (You bought it in a shop in the Dungeon)
  4234 | D        | Bought a pair of heavily runed gloves for 332 gold pieces
  4234 | D        | Identified the +5 pair of gloves of Paecueth {SInv} (You
                  | bought it in a shop in the Dungeon)
  4307 | D        | Bought 3 potions of heal wounds for 105 gold pieces
  4307 | D        | Bought 3 potions of heal wounds for 105 gold pieces
  4307 | D        | Bought 3 potions of heal wounds for 105 gold pieces
  4307 | D        | Bought 3 potions of heal wounds for 105 gold pieces
  4307 | D        | Bought 3 potions of heal wounds for 105 gold pieces
  4307 | D        | Bought 3 potions of heal wounds for 105 gold pieces
  4307 | D        | Bought 3 potions of heal wounds for 105 gold pieces
  4392 | D        | Round 26.
  4399 | D        | Reached skill level 15 in Stealth
  4401 | D        | Identified the +11 war axe of Psychosis {flame, Dex+3}
                  | (Trog gifted it to you in the Dungeon)
  4401 | D        | Received a gift from Trog
  4448 | D        | Arena points: 18790 (+2184) [x6]
  4463 | D        | Round 27.
  4478 | D        | Received a gift from Trog
  4497 | D        | Noticed an orb of fire
  4498 | D        | Gained mutation: Your spells are a little easier to cast,
                  | but a little less powerful. [an orb of fire]
  4500 | D        | Lost intelligence.
  4500 | D        | Gained mutation: You are dopey. (Int -2) [an orb of fire]
  4500 | D        | Noticed an ancient lich
  4505 | D        | Gained mutation: You sometimes lose the ability to read
                  | scrolls when taking damage. [an orb of fire]
  4508 | D        | Gained mutation: You are frail. (-10% HP) [an orb of fire]
  4512 | D        | Gained mutation: Your body sometimes deteriorates upon
                  | taking damage. [an orb of fire]
  4514 | D        | Gained mutation: You have hidden genetic defects. [an orb
                  | of fire]
  4517 | D        | Received a gift from Trog
  4520 | D        | Killed an ancient lich
  4521 | D        | Gained mutation: You do not regenerate when monsters are
                  | visible. [an orb of fire]
  4522 | D        | Killed an orb of fire
  4529 | D        | Noticed a Killer Klown
  4533 | D        | Noticed an electric golem
  4538 | D        | HP: 2/186 [Killer Klown/+11 club (14)]
  4539 | D        | Noticed an electric golem
  4539 | D        | Slain by a Killer Klown

Illustrated notes

Levels and vault maps discovered:
D:        arena_sprint

Skill      XL: |  1  2  3  4  5  6  7  8  9 10 11 12 13 14 15 16 17 18 19 |
---------------+----------------------------------------------------------+-----
Fighting       | 7 8 9 11 12 15 16 18 19 20 27 | 27.0
Axes           | 7 8 9 11 12 15 18 21 23 24 26 27 | 27.0
Armour         | 6 8 9 11 12 14 16 18 20 27 | 27.0
Dodging        | 6 7 8 10 11 19 27 | 27.0
Stealth        | 14 22 | 22.0

Action                   |  1- 3 |  4- 6 |  7- 9 | 10-12 | 13-15 | 16-18 | 19-21 || total
-------------------------+-------+-------+-------+-------+-------+-------+-------++-------
Melee: Hand axe          |     2 |    32 |    10 |       |       |       |       ||    44
       Headbutt          |     1 |     6 |     4 |    17 |       |    63 |    13 ||   104
       Battleaxe         |       |       |    11 |    16 |       |       |       ||    27
       Executioner's axe |       |       |       |   104 |     5 |   300 |    42 ||   451
       Unarmed           |       |       |       |       |       |       |     2 ||     2
Invok: Berserk           |       |       |     1 |     2 |       |     1 |     1 ||     5
Evoke: Wand              |     4 |     3 |       |       |       |     4 |     1 ||    12
       Quad damage       |       |       |     1 |       |       |       |       ||     1
  Use: Potion            |       |       |     1 |     2 |     2 |    12 |     9 ||    26
       Scroll            |       |       |       |       |       |    17 |       ||    17
 Stab: Confused          |       |       |       |     2 |       |       |       ||     2
Armor: Chain mail        |       |    10 |    14 |    38 |       |       |       ||    62
       Animal skin       |       |     1 |       |       |       |       |       ||     1
       Gold dragon scale |       |       |       |     6 |     4 |   200 |    47 ||   257
Dodge: Dodged            |       |    11 |    12 |    52 |     1 |   109 |    29 ||   214
Block: Other             |       |       |       |       |       |    29 |     5 ||    34
       Reflection        |       |       |       |       |       |     2 |     1 ||     3
